 Dungeon Crawl Stone Soup version 0.28.0-45-g0d030f2227 (webtiles) character file.

Game seed: 17692618831368768075

74 DemonSlayer the Magician (level 4, 0/30 HPs)
             Began as a Demonspawn Hedge Wizard on Mar 31, 2022.
             Slain by a gnoll
             ... wielding a +1 spear of freezing
              (2 damage)
             ... on level 3 of the Dungeon.
             The game lasted 00:07:50 (3290 turns).

DemonSlayer the Magician (Demonspawn Hedge Wizard)  Turns: 3290, Time: 00:07:51

Health: 0/30       AC:  5    Str: 10    XL:     4   Next: 9%
Magic:  10/10      EV: 12    Int: 18    God:
Gold:   59         SH:  0    Dex: 12    Spells: 2/11 levels left

rFire   . . .      SeeInvis .   a - +0 dagger
rCold   . . .      Faith    .   (no shield)
rNeg    . . .      Spirit   .   b - +0 robe
rPois   .          Reflect  .   k - +0 helmet
rElec   .          Harm     .   j - +0 cloak
rCorr   .          Rampage  .   (no gloves)
Will    .....                   (no boots)
Stlth   ++........              (no amulet)
HPRegen 0.10/turn               (no ring)
MPRegen 0.12/turn               (no ring)

@: no status effects
A: rugged brown scales 1, powered by pain 2
a: no special abilities


You were on level 3 of the Dungeon.
You visited 1 branch of the dungeon, and saw 5 of its levels.

You collected 82 gold pieces.
You spent 23 gold pieces at shops.

Inventory:

Hand Weapons
 a - a +0 dagger (weapon)
Armour
 b - a +0 robe (worn)
 j - a +0 cloak (worn)
 k - a +0 helmet (worn)
Scrolls
 e - a scroll of enchant weapon {unknown}
 f - a scroll of fog {unknown}
 g - a scroll of brand weapon {unknown}
 i - a scroll of immolation {unknown}
 l - a scroll of teleportation {unknown}
 m - 2 scrolls of noise {unknown}
 o - 2 scrolls of identify {unknown}
Potions
 c - a potion of curing {unknown}
 d - a potion of brilliance {unknown}
 h - a potion of resistance {unknown}
 n - a potion of flight {unknown}


   Skills:
 + Level 1.8 Dodging
 + Level 2.2 Stealth
 + Level 4.0 Spellcasting
 + Level 2.1 Conjurations
 + Level 0.1 Hexes
 + Level 1.1 Summonings
 + Level 0.8 Translocations


You had 2 spell levels left.
You knew the following spells:

 Your Spells              Type           Power      Damage    Failure   Level
a - Magic Dart            Conj           44%        1d5       6%          1
b - Slow                  Hex            16%        N/A       14%         1
c - Blink                 Tloc           12%        N/A       16%         2
d - Call Imp              Summ           7%         N/A       14%         2
e - Mephitic Cloud        Conj/Pois/Air  6%         N/A       32%         3

Your spell library contained the following spells:

 Spells                   Type           Power      Damage    Failure   Level
 Conjure Flame            Conj/Fire      7%         6-21      28%         3
 Confusing Touch          Hex            4%         N/A       38%         3
 Yara's Violent Unravell  Hex/Tmut       1%         3d3       99%         5
 Enfeeble                 Hex            2%         N/A       100%        7


Dungeon Overview and Level Annotations

Branches:
Dungeon (5/15)
 Temple: D:4-7

Altars:

Shops:
D:1 *


Innate Abilities, Weirdness & Mutations

You are partially covered in rugged brown scales. (AC +1, +3% HP)
You sometimes gain power by taking damage.


Message History

You can't see any susceptible monsters within range! (Use Z to cast anyway.)
You can't see any susceptible monsters within range! (Use Z to cast anyway.)
You can't see any susceptible monsters within range! (Use Z to cast anyway.)
o - 2 scrolls labelled RASYDGHA EWOY (gained 1)
Things that are here:
a +0 short sword; a kobold corpse A gnoll is nearby!
A gnoll is nearby!
A gnoll is nearby!
The gnoll shouts!
The gnoll seems to slow down.
A beastly little devil appears in a puff of flame.
Your crimson imp blinks!
The magic dart hits the gnoll.
The gnoll is lightly wounded.
The magic dart hits the gnoll.
The gnoll is lightly wounded.
The gnoll hits you from afar with a +1 spear of freezing!
You focus on the pain.
You feel your power returning. The gnoll freezes you.
The magic dart hits the gnoll but does no damage.
The gnoll is lightly wounded.
The gnoll is no longer moving slowly.
The gnoll closely misses you.
Your crimson imp blinks!
The magic dart hits the gnoll.
The gnoll is heavily wounded.
The gnoll hits you from afar with a +1 spear of freezing.
The gnoll freezes you.
The magic dart hits the gnoll.
The gnoll is severely wounded.
The gnoll hits you from afar with a +1 spear of freezing.
The gnoll freezes you.
You are too injured to fight recklessly!
The gnoll hits you with a +1 spear of freezing!
* * * LOW HITPOINT WARNING * * *
You focus on the pain.
You feel your power returning. The gnoll freezes you.
* * * LOW HITPOINT WARNING * * *
You closely miss the gnoll.
The gnoll is severely wounded.
The gnoll hits you with a +1 spear of freezing.
You die...

#...# #############.#....###
###...######...##.....##.#....<..
...(.......'....#.....##.#.#.####
############....#.....##.#†).....
##.##.# #....#.....##.#.#.####
###.†.#.#######.......##.#.#.....
....#...'........................
###...#.########......####.######
##.##.# #@###..5.......... #K#..#
#g.##.#####.######
#.############.##.# #.#
#.#..#......##..#.# #.#
##.##.#..........#.# #.#
###...#.#..........#.# #.#
....#...####.)..g....# #.#
###...#.K...#######..#
##.######'### ##..####


You could see a gnoll.

Vanquished Creatures
  A gnoll (D:3)
  An adder (D:2)
  A dart slug (D:1)
  4 endoplasms
  2 giant cockroaches
  8 hobgoblins
  2 jackals (D:1)
  4 kobolds
  2 quokkas
  4 ball pythons
  4 bats
  2 frilled lizards
  6 goblins
  6 rats
47 creatures vanquished.

Vanquished Creatures (collateral kills)
  A jackal (D:4)
1 creature vanquished.

Grand Total: 48 creatures vanquished

Notes
Turn   | Place    | Note
-------+----------+-------------------------------------------
     0 | D:1      | DemonSlayer the Demonspawn Hedge Wizard began the quest for
                  | the Orb.
     0 | D:1      | Reached XP level 1. HP: 13/13 MP: 4/4
   414 | D:1      | Gained mutation: You sometimes gain a little power by
                  | taking damage. [demonic ancestry]
   414 | D:1      | Reached XP level 2. HP: 12/19 MP: 0/6
   621 | D:1      | Found Zeegil's Assorted Antiques.
   733 | D:1      | Bought a scroll labelled KOOWAM NOUJEP for 23 gold pieces
  1453 | D:1      | Gained mutation: You are partially covered in rugged brown
                  | scales. (AC +1, +3% HP) [demonic ancestry]
  1453 | D:1      | Reached XP level 3. HP: 19/24 MP: 5/8
  1786 | D:2      | Learned a level 1 spell: Slow
  1789 | D:2      | Learned a level 2 spell: Blink
  1792 | D:2      | Learned a level 2 spell: Call Imp
  1796 | D:2      | Learned a level 3 spell: Mephitic Cloud
  2613 | D:3      | Reached skill level 4 in Spellcasting
  2763 | D:4      | Noticed a black bear
  2838 | D:4      | Noticed a water moccasin
  2847 | D:5      | Entered Level 5 of the Dungeon
  2978 | D:5      | Noticed a water moccasin
  3022 | D:3      | Gained mutation: You sometimes gain power by taking damage.
                  | [demonic ancestry]
  3022 | D:3      | Reached XP level 4. HP: 30/30 MP: 7/10
  3290 | D:3      | Slain by a gnoll

Illustrated notes

Levels and vault maps discovered:
D:1:      roderic_octagonal_star, layout_loops_corners, serial_shops, shop,
          chequers_serial_rivers_room_b
D:2:      layout_basic, shapermc_ecumenical_altar_venn, corexii_shack,
          minmay_misc_feat_hallway
D:3:      layout_basic, minmay_misc_feat_tower
D:4:      layout_loops_ring, minmay_temple_entry_fiery,
          ebering_ghost_reflecting_pool
D:5:      layout_loops_corners, lemuel_mausoleum_altar_kikubaaqudgha,
          doesnt_shop_hydraphobe

Skill      XL: |  1  2  3 |
---------------+----------+-----
Stealth        | 2 |  2.2
Conjurations   | 2 |  2.1
Spellcasting   | 4 |  4.0
Dodging        | |  1.8
Hexes          | |  0.1
Summonings     | |  1.1
Translocations | |  0.8

Action                   |  1- 3 |  4- 6 || total
-------------------------+-------+-------++-------
Melee: Dagger            |    13 |     1 ||    14
 Cast: Magic Dart        |    91 |    16 ||   107
       Slow              |     5 |     1 ||     6
       Call Imp          |     2 |     1 ||     3
       Blink             |     1 |       ||     1
 Stab: Sleeping          |     2 |       ||     2
Armor: Robe              |     5 |     1 ||     6
Dodge: Dodged            |    19 |     1 ||    20
